 Dungeon Crawl Stone Soup version 0.30.0-19-g36f170ea60 (webtiles) character file.

Game seed: 11054922019586064111

261 MacCMillion the Shooter (level 5, 0/25 HPs)
             Began as a Spriggan Hunter on May 29, 2023.
             Engulfed by a steam dragon's steam (5 damage)
             ... on level 4 of the Dungeon.
             The game lasted 00:04:02 (3297 turns).

MacCMillion the Shooter (Spriggan Hunter)           Turns: 3297, Time: 00:04:03

Health: 0/25       AC:  2    Str:  7    XL:     5   Next: 96%
Magic:  6/6        EV: 18    Int: 10    God:
Gold:   205        SH:  0    Dex: 21    Spells: 4/4 levels left

rFire   . . .        a - +0 shortbow
rCold   . . .        (shield currently unavailable)
rNeg    . . .        c - +0 robe
rPois   .            (helmet restricted)
rElec   .            (no cloak)
rCorr   .            (gloves unavailable)
SInv    +            (boots unavailable)
Will    .....        g - amulet of regeneration
Stlth   +++          (no ring)
HPRegen 1.04/turn    (no ring)
MPRegen 0.10/turn

%: no passive effects
@: very quick
A: very small, no large weapons, unfitting armour, see invisible, speed 3
a: no special abilities


You were on level 4 of the Dungeon.
You visited 1 branch of the dungeon, and saw 4 of its levels.

You collected 205 gold pieces.

Inventory:

Hand Weapons
 a - a +0 shortbow (weapon)
Missiles
 h - 2 throwing nets
Armour
 c - a +0 robe (worn)
Jewellery
 g - an amulet of regeneration (around neck)
 k - a ring of flight
Scrolls
 b - a scroll of immolation
 e - 9 scrolls of identify {unknown}
 j - a scroll of enchant armour {unknown}
 l - a scroll of acquirement {unknown}
 o - a scroll of fear {unknown}
Potions
 d - a potion of mutation {unknown}
 f - 2 potions of haste {unknown}
 i - 2 potions of attraction {unknown}
 m - a potion of might {unknown}
 n - a potion of berserk rage {unknown}
 p - 3 potions of curing {unknown}
 q - a potion of resistance {unknown}
 r - a potion of degeneration {unknown}


   Skills:
 - Level 1.5 Fighting
 + Level 6.8 Ranged Weapons
 - Level 2.6 Dodging
 - Level 4.0 Stealth


You had 4 spell levels left.
You didn't know any spells.
Your spell library contained the following spells:

 Spells                   Type           Power      Damage    Failure   Level
 Inner Flame              Hex/Fire       0%         N/A       75%         3
 Tukima's Dance           Hex            0%         N/A       75%         3
 Flame Wave               Conj/Fire      0%         2d4       98%         4
 Passage of Golubria      Tloc           0%         N/A       98%         4
 Sticky Flame             Conj/Fire      0%         2d3       98%         4
 Yara's Violent Unravell  Hex/Tmut       0%         3d3       100%        5
 Borgnjor's Revivificati  Necr           0%         N/A       100%        8
 Necromutation            Tmut/Necr      0%         N/A       100%        8
 Death's Door             Necr           0%         N/A       100%        9


Dungeon Overview and Level Annotations

Branches:
Dungeon (4/15)
 Temple: D:4-7

Altars:
Uskayaw

Shops:
D:4 :

Annotations:
D:2 Sigmund


Innate Abilities, Weirdness & Mutations

You are very small and have problems with some larger weapons.
You are too small for most types of armour.
You have supernaturally acute eyesight. (SInv)
You cover ground extremely quickly. (Speed+++)


Message History

You shoot an arrow. The arrow hits the steam dragon.
The steam dragon is lightly wounded.
You shoot an arrow. The arrow hits the steam dragon!
The steam dragon is moderately wounded.
You shoot an arrow.
The arrow hits the steam dragon but does no damage.
The steam dragon is moderately wounded.
You shoot an arrow. The arrow hits the steam dragon.
The steam dragon is heavily wounded.
The steam dragon breathes steam at you. The ball of steam misses you.
No target in view!
You shoot an arrow.
The arrow closely misses the steam dragon.
You shoot an arrow. The arrow hits the steam dragon.
The steam dragon is heavily wounded.
Found Enugimi's Self-Improvement Boutique.
Found a helmet.
You shoot an arrow. The arrow hits the steam dragon.
The steam dragon is heavily wounded.
You shoot an arrow.
The arrow hits the steam dragon but does no damage.
The steam dragon is heavily wounded.
The steam dragon breathes steam at you. The ball of steam hits you!
You are engulfed in a cloud of scalding steam.
Really walk into that cloud of steam?
Okay, then.
A jelly comes into view.
You shoot an arrow. The jelly quivers.
The arrow hits the steam dragon.
The steam dragon is severely wounded.
You shoot an arrow. The arrow hits the steam dragon!
The steam dragon is almost dead.
The steam dragon breathes steam at you. The ball of steam hits you!
* * * LOW HITPOINT WARNING * * *
You are engulfed in a cloud of scalding steam.
You die...

......##.#.# #..).....#.######
####..##.#.###
#####.##.#.##....
.............# #..†......###
####.#.....#.##################
.....#...D...^#≈≈.≈≈##
####.#.....#.#≈≈≈.≈≈≈#
#.#.....#..≈§§§⌠≈≈#
#......J.§.D§§§.§.. ##
####.######§≈@§§≈≈.. .# ....
#§≈§.≈≈≈..# .# #....
##≈≈.≈≈#### .# #.. ###...# .#
#. ...# .# ...[# ## #.#.# .#.#


You could see a steam dragon (catching breath) and a jelly.

Vanquished Creatures
  3 iguanas
  3 gnolls (D:2)
  10 adders
  A dart slug (D:3)
  2 orcs (D:3)
  6 ball pythons
  6 bats
  3 endoplasms
  5 giant cockroaches
  8 goblins
  2 hobgoblins
  2 jackals (D:3)
  A quokka (D:2)
  7 frilled lizards
  8 kobolds
  3 rats
70 creatures vanquished.

Notes
Turn   | Place    | Note
-------+----------+-------------------------------------------
     0 | D:1      | MacCMillion the Spriggan Hunter began the quest for the
                  | Orb.
     0 | D:1      | Reached XP level 1. HP: 10/10 MP: 2/2
   350 | D:1      | Reached XP level 2. HP: 14/14 MP: 3/3
  1028 | D:2      | Reached XP level 3. HP: 18/18 MP: 4/4
  1064 | D:2      | Reached skill level 5 in Ranged Weapons
  1077 | D:2      | Reached XP level 4. HP: 22/22 MP: 5/5
  1120 | D:2      | Found a faded altar of an unknown god.
  1287 | D:2      | Noticed Sigmund
  1480 | D:3      | Found a hide-covered altar of Uskayaw.
  2052 | D:3      | Reached XP level 5. HP: 25/25 MP: 6/6
  2103 | D:3      | Reached skill level 6 in Ranged Weapons
  3245 | D:4      | Noticed a steam dragon
  3286 | D:4      | Found Enugimi's Self-Improvement Boutique.
  3297 | D:4      | Engulfed by a steam dragon's steam

Illustrated notes

Levels and vault maps discovered:
D:1:      scummos_arrival_simple_fountains, layout_loops_ring,
          minmay_gold_behind_fungi, minivault_25
D:2:      minmay_skewed_foursquare, layout_rooms, basic_ecumenical_altar,
          uniq_sigmund
D:3:      minmay_razor_zed, layout_basic, mainiacjoe_overflow_boulevard,
          hangedman_decor_push, chequers_avenue
D:4:      layout_loops_cross, nicolae_shop_self_help

Skill      XL: |  1  2  3  4  5 |
---------------+----------------+-----
Stealth        | 2 3 4 |  4.0
Ranged Weapons | 5 6 |  6.8
Fighting       | |  1.5
Dodging        | |  2.6

Action                     |  1- 3 |  4- 6 || total
---------------------------+-------+-------++-------
   Fire: Shortbow          |    67 |   150 ||   217
 Armour: Robe              |     5 |    10 ||    15
  Dodge: Dodged            |    16 |    44 ||    60
